 Dungeon Crawl Stone Soup version 0.28-a0-1339-ga5422284a4 (webtiles) character file.

Game seed: 5765587415000185392

1485 browni3141 the Carver (level 8, 0/62 HPs)
             Began as a Palentonga Berserker on Dec 28, 2021.
             Was a Priest of Trog.
             Slain by an ogre (21 damage)
             ... on level 5 of the Dungeon.
             The game lasted 00:09:34 (6253 turns).

browni3141 the Carver (Palentonga Berserker)        Turns: 6253, Time: 00:09:35

Health: 0/62       AC: 12    Str: 22    XL:     8   Next: 50%
Magic:  8/8        EV:  9    Int:  9    God:    Trog [***...]
Gold:   286        SH:  0    Dex:  9    Spells: 7/7 levels left

rFire   . . .      SeeInvis +   A - +0 great sword
rCold   . . .      Faith    .   (no shield)
rNeg    . . .      Spirit   .   b - +0 animal skin
rPois   .          Reflect  .   n - +0 helmet
rElec   .          Harm     .   q - scarf {+Inv}
rCorr   +          Rampage  .   (no gloves)
Will    .....                   (no barding)
Stlth   +.........              (no amulet)
HPRegen 0.20/turn               d - ring of flight
MPRegen 0.11/turn               z - ring of resist corrosion

@: flying, curled up
A: large, rugged brown scales 3, see invisible, deformed body, roll 1, armoured
tail, reflexive curl
a: Rolling Charge, Renounce Religion, Evoke Invisibility, Berserk, Trog's Hand


You were on level 5 of the Dungeon.
You worshipped Trog.
Trog was most pleased with you.
You visited 1 branch of the dungeon, and saw 5 of its levels.
You also visited: Sewer.

You collected 286 gold pieces.

Inventory:

Hand Weapons
 a - a +0 falchion
 A - a +0 great sword (weapon)
Missiles
 p - 16 poisoned darts
Armour
 b - a +0 animal skin (worn)
 m - a +0 plate armour
 n - a +0 helmet (worn)
 q - a scarf of invisibility (worn)
Jewellery
 d - a ring of flight (left hand)
 z - a ring of resist corrosion (right hand)
Wands
 r - a wand of polymorph (4)
Scrolls
 c - 5 scrolls of identify {unknown}
 f - a scroll of magic mapping {unknown}
 g - a scroll of fog {unknown}
 o - 4 scrolls of enchant armour {unknown}
 s - a scroll of brand weapon {unknown}
 v - a scroll of blinking
 w - a scroll of holy word {unknown}
 y - a scroll of vulnerability {unknown}
 B - a scroll of silence {unknown}
 C - a scroll of teleportation {unknown}
Potions
 e - 3 potions of might
 h - 2 potions of flight {unknown}
 i - 2 potions of curing {unknown}
 j - 2 potions of degeneration {unknown}
 k - a potion of ambrosia {unknown}
 l - a potion of heal wounds
 t - 2 potions of mutation {unknown}
 u - a potion of lignification {unknown}
 x - a potion of magic {unknown}


   Skills:
 - Level 3.0 Fighting
 * Level 11.1 Long Blades
 - Level 1.5 Armour
 - Level 1.5 Dodging


You had 7 spell levels left.
You didn't know any spells.
Your spell library contained the following spells:

 Spells                   Type           Power      Damage    Failure   Level
 Ensorcelled Hibernation  Hex/Ice        0%         N/A       52%         2
 Dazzling Flash           Conj/Hex       0%         N/A       77%         3
 Leda's Liquefaction      Hex/Erth       0%         N/A       99%         4
 Enfeeble                 Hex            0%         N/A       100%        7


Dungeon Overview and Level Annotations

Branches:
Dungeon (5/15)             Temple (0/1) D:5           Sewer (visited)

Altars:
Yredelemnul


Innate Abilities, Weirdness & Mutations

You are completely covered in rugged brown scales. (AC +3, +7% HP)
You have supernaturally acute eyesight. (SInv)
Armour fits poorly on your strangely shaped body.
You can roll at nearby foes to attack.
You have a long armoured tail.
You curl defensively after being hit. (AC +7*)


Message History

An iguana comes into view.
The iguana hisses angrily.
An iguana is nearby!
You roll forward with a clatter of scales!
An iguana comes into view.
You closely miss the iguana.
The iguana hisses angrily.
The iguana misses you.
Unknown command.
You slash the iguana!
You kill the iguana!
Trog accepts your kill.
Your Long Blades skill increases to level 11!
You slash the iguana!
The iguana is severely wounded.
The iguana closely misses you.
You slash the iguana!
You kill the iguana!
Trog accepts your kill.
Your life force feels restored.
No target in view!
You see here an iguana corpse.
You see here an iguana corpse.
You see here an iguana corpse.
C - a scroll labelled OHECKA PIGO You now have 286 gold pieces (gained 10).
An ogre comes into view. It is wielding a +0 giant club.
The ogre shouts!
An ogre is nearby!
You barely miss the ogre.
The ogre hits you with a +0 giant club!!
You slash the ogre!
The ogre is moderately wounded.
The ogre barely misses you.
You hit the ogre.
The ogre is heavily wounded.
The ogre hits you with a +0 giant club!!
* * * LOW HITPOINT WARNING * * *
The ogre hits you with a +0 giant club!!
You die...

.#.#..#.....#......###
...#..########.......#
.#.#..# #.#####.#
......# #....##.#
.#.#.## #.##.##.#
......# #.##.##.#
......########.......#
.............####O####
........#.......@.#
.#...##...#########
..#.#..#..#
..#....#..#
##....#...#
...>......#
#....##...#
....#..#..# ..#.#..


You could see an ogre.

Vanquished Creatures
  A water moccasin (D:5)
  4 necrophages (D:5)
  An ogre (D:4)
  Blork the orc (D:4)
  2 bullfrogs (Sewer)
  A scorpion (D:5)
  A water moccasin zombie (D:5)
  2 wights (D:5)
  A water moccasin skeleton (D:5)
  A bullfrog zombie (D:5)
  A hound (D:5)
  A human zombie (D:5)
  3 iguanas
  2 orc wizards (D:5)
  3 mummies (D:5)
  A howler monkey zombie (D:5)
  Robin (D:2)
  A howler monkey skeleton (D:5)
  3 gnolls (D:3)
  7 adders
  A dart slug (D:3)
  8 orcs
  18 ball pythons
  6 bats
  14 endoplasms
  9 giant cockroaches
  10 goblins
  5 hobgoblins
  8 jackals
  4 kobolds
  8 quokkas
  14 frilled lizards
  2 rats
145 creatures vanquished.

Vanquished Creatures (others)
  5 demonic plants (D:2)
  3 fungi (D:2)
  5 plants (D:2)
  3 withered plants (D:2)
16 creatures vanquished.

Grand Total: 161 creatures vanquished

Notes
Turn   | Place    | Note
-------+----------+-------------------------------------------
     0 | D:1      | browni3141 the Palentonga Berserker began the quest for the
                  | Orb.
     0 | D:1      | Reached XP level 1. HP: 19/19 MP: 1/1
   303 | D:1      | Reached XP level 2. HP: 25/25 MP: 2/2
   660 | D:2      | Reached skill level 4 in Long Blades
   684 | D:2      | Reached XP level 3. HP: 31/31 MP: 3/3
   704 | D:2      | Noticed Robin
   723 | D:2      | Killed Robin
   891 | D:2      | Reached ** piety under Trog
  1377 | D:2      | Reached XP level 4. HP: 25/37 MP: 4/4
  1587 | D:2      | Reached skill level 5 in Long Blades
  1652 | D:2      | Found a faded altar of an unknown god.
  2784 | D:3      | Reached XP level 5. HP: 43/43 MP: 5/5
  3140 | D:4      | Noticed Blork the orc
  3156 | D:4      | Killed Blork the orc
  3157 | D:4      | Reached skill level 6 in Long Blades
  3193 | D:4      | Got the Catalogue of Malediction
  3202 | D:4      | Noticed an ogre
  3210 | D:4      | Killed an ogre
  3211 | D:4      | Reached skill level 7 in Long Blades
  3211 | D:4      | Reached XP level 6. HP: 50/50 MP: 6/6
  3540 | D:4      | Found a glowing drain.
  3545 | Sewer    | Entered a sewer
  3591 | Sewer    | Reached *** piety under Trog
  3808 | Sewer    | Reached skill level 8 in Long Blades
  4059 | D:4      | Gained mutation: You curl defensively after being hit. (AC
                  | +7*) [Palentonga growth]
  4059 | D:4      | Reached XP level 7. HP: 20/55 MP: 7/7
  4444 | D:5      | Entered Level 5 of the Dungeon
  4783 | D:5      | Found a staircase to the Ecumenical Temple.
  4837 | D:5      | Reached skill level 9 in Long Blades
  5533 | D:5      | Reached XP level 8. HP: 56/62 MP: 8/8
  5565 | D:5      | Reached skill level 10 in Long Blades
  5565 | D:5      | Found a basalt altar of Yredelemnul.
  6145 | D:5      | Reached skill level 11 in Long Blades
  6253 | D:5      | Slain by an ogre

Illustrated notes

Levels and vault maps discovered:
D:1:      onia_arrival_mini_spirals, layout_rooms,
          chequers_serial_rivers_micro_c
D:2:      minmay_evil_eye, layout_loops_cross, shapermc_ecumenical_altar_gd,
          uniq_robin
D:3:      layout_basic
D:4:      layout_loops_cross, portal_sewer_entry_e, uniq_blork_the_orc
D:5:      layout_loops_cross, lemuel_mausoleum_altar_yredelemnul,
          minmay_temple_entry_mini_moons

Skill      XL: |  1  2  3  4  5  6  7  8 |
---------------+-------------------------+-----
Long Blades    | 4 5 7 8 9 11 | 11.1
Fighting       | |  3.0
Armour         | |  1.5
Dodging        | |  1.5

Action                   |  1- 3 |  4- 6 |  7- 9 || total
-------------------------+-------+-------+-------++-------
Melee: Falchion          |   113 |   183 |   121 ||   417
       Tailslap          |    17 |    21 |    23 ||    61
       Great sword       |       |       |    10 ||    10
Throw: Dart              |       |     5 |       ||     5
Invok: Berserk           |     2 |     4 |     2 ||     8
       Trog's Hand       |       |       |     1 ||     1
 Abil: Rolling Charge    |     5 |    22 |     8 ||    35
  Use: Potion            |       |       |     2 ||     2
Armor: Animal skin       |    36 |    50 |    42 ||   128
       Skin              |       |     4 |       ||     4
Dodge: Dodged            |    52 |    80 |    37 ||   169

Table legend: (Time is in decaauts)
 A = Elapsed time spent in this place.
 B = Non-inter-level travel time spent in this place.
 C = Inter-level travel time spent in this place.
 D = Time resting spent in this place.
 E = Time spent auto-exploring this place.
 F = Levels seen in this place.
 G = Mean time per level.
                   A        B        C        D        E       F      G
               +--------+--------+--------+--------+--------+-----+--------+
         Total |   6318 |   6192 |    126 |    564 |   4427 |   6 | 1053.0 |
       Dungeon |   5894 |   5768 |    126 |    564 |   4206 |   5 | 1178.8 |
         Sewer |    424 |    424 |      0 |      0 |    220 |   1 |  424.0 |
               +--------+--------+--------+--------+--------+-----+--------+

Top non-repeatable levels by time:
     D:5: 1599 daAuts
     D:2: 1364 daAuts
     D:4: 1206 daAuts
     D:3: 935 daAuts
     D:1: 789 daAuts
   Sewer: 424 daAuts
